Map: Shrines of Lizul

Players

Cthulhu - Winner!

  • Race: Terran Terran
  • Spawn Location: 6:00

Throwfordays - Winner!

  • Race: Protoss Protoss
  • League: Bronze
  • Spawn Location: 9:00

Unknown

  • Race: Protoss Protoss
  • League: Diamond
  • Spawn Location: 12:00

GarganticPNS

  • Race: Zerg Zerg
  • League: Silver
  • Spawn Location: 3:00

VOD

Have the link to the VOD?

Description

Time

  • Played on: Jan. 27, 2019, 8:46 p.m.
  • Length: 16:36
Show
View Real Time Build Order
Export as new Build Order

Cthulhu Terran - Winner!

Build Orders:  

Get SALT Encoding   

  12  0:01  SCV  
  13  0:18  SCV, Supply Depot  
  14  0:30  SCV  
  15  0:41  Barracks  
  15  0:42  SCV  
  16  0:57  SCV  
  17  1:01  Refinery  
  17  1:30  Marine, Supply Depot  
  18  1:37  Command Center  
  18  1:46  SCV  
  19  1:55  Barracks Tech Lab  
  19  1:57  Barracks  
  19  2:02  Supply Depot  
  19  2:30  Marine  
  19  2:32  Orbital Command  
  20  2:37  Refinery  
  18  3:00  Marauder  
  18  3:01  Concussive Shells  
  20  3:25  Marauder  
  22  3:28  SCV  
  22  3:33  Marine, Factory  
  24  3:40  SCV  
  25  3:41  SCV  
  25  3:42  Engineering Bay  
  25  3:43  Engineering Bay  
  26  3:50  Marine  
  27  3:57  SCV  
  27  4:02  Orbital Command  
  28  4:12  Terran Infantry Armor Level 1  
  27  4:18  Marauder  
  28  4:29  SCV  
  29  4:33  Widow Mine  
  29  4:36  Starport  
  29  4:38  Barracks Reactor  
  31  4:40  Marauder  
  33  5:14  Stimpack  
  35  5:21  Sensor Tower  
  35  5:27  Marauder  
  33  5:58  Viking, Medivac  
  33  6:01  Marine x2, Widow Mine  
  41  6:22  Widow Mine  
  43  6:45  Marauder  
  43  6:46  Barracks Reactor  
  45  6:53  Combat Shield  
  45  7:02  Supply Depot  
  45  7:04  SCV  
  45  7:06  Supply Depot  
  46  7:23  Viking, Medivac, SCV  
  51  7:35  Marine, SCV  
  51  7:36  Marine, Marauder  
  56  7:41  Terran Infantry Weapons Level 1  
  56  7:45  Armory  
  56  7:48  SCV  
  57  7:53  Marine  
  57  7:57  Missile Turret  
  58  7:58  Missile Turret  
  58  8:15  Marine  
  58  8:16  Marine, Marauder  
  62  8:43  Barracks  
  62  8:52  Marine x2, Viking, Widow Mine, Marauder  
  62  8:53  Medivac  
  62  8:54  Refinery  
  62  8:55  Refinery, SCV x2  
  74  9:14  Widow Mine  
  76  9:17  Supply Depot  
  76  9:19  Command Center  
  76  9:26  Medivac  
  78  10:03  Supply Depot  
  78  10:19  Terran Infantry Armor Level 2, Terran Infantry Weapons Level 2  
  78  10:27  Supply Depot  
  78  10:31  Sensor Tower  
  78  10:51  Supply Depot  
  56  12:13  Marine, Marauder  
  56  12:14  Marine  
  56  12:26  Widow Mine  
  56  12:29  Viking  
  60  12:30  Viking  
  60  12:31  Marine  
  60  12:35  Marauder  
  65  12:48  Widow Mine  
  64  13:24  Barracks Reactor, Marine  
  64  13:25  Marine, Marauder  
  68  13:42  Marine  
  68  13:46  Marauder  
  71  13:57  Orbital Command  
  71  14:03  Marine x4  
  71  14:06  Factory Reactor  
  71  14:07  Marauder  
  77  14:12  Command Center  
  77  14:19  Command Center  
  77  14:26  Medivac x2  
  81  15:00  Marine x2  
  81  15:01  Marine, Marauder  
  81  15:02  Marine  
  81  15:03  Widow Mine x2  
  81  15:04  SCV x2  
  93  15:09  Viking, Medivac  
  97  15:22  Marauder  
  96  16:10  Marine x3  
  96  16:11  Marine  
  104  16:14  Marauder  
Show
View Real Time Build Order
Export as new Build Order

Throwfordays Protoss - Winner!

Build Orders: 1 Gate Expand 

Get SALT Encoding   

  12  0:01  Probe  
  13  0:13  Probe  
  14  0:18  Pylon  
  14  0:25  Probe  
  15  0:37  Probe  
  15  0:39  Gateway  
  16  0:49  Probe  
  17  1:03  Assimilator  
  17  1:27  Cybernetics Core, Zealot  
  19  1:35  Nexus  
  19  1:37  Warp Gate  
  19  1:42  Probe  
  20  1:54  Probe  
  21  2:07  Probe  
  22  2:27  Probe  
  23  2:31  Assimilator, Nexus  
  23  2:37  Pylon  
  23  2:50  Robotics Facility  
  23  2:54  Pylon  
  23  2:56  Probe  
  24  2:59  Probe  
  25  3:07  Probe  
  26  3:15  Probe  
  27  3:21  Probe  
  27  3:23  Probe  
  28  3:33  Probe  
  30  3:34  Probe  
  30  3:37  Stalker  
  33  3:45  Probe  
  33  3:46  Probe  
  33  3:47  Gateway  
  35  3:52  Gateway  
  35  3:56  Probe  
  35  4:00  Gateway  
  36  4:04  Probe  
  37  4:10  Stalker  
  37  4:13  Probe  
  40  4:25  Probe  
  40  4:31  Immortal  
  45  4:37  Probe x2  
  46  4:42  Probe  
  46  4:45  Probe  
  47  4:49  Probe  
  47  4:50  Probe  
  50  4:55  Probe  
  50  4:57  Pylon  
  52  5:00  Probe  
  52  5:01  Pylon, Probe  
  52  5:02  Stalker  
  52  5:07  Stalker, Probe  
  57  5:11  Stalker  
  57  5:12  Probe  
  57  5:13  Probe  
  63  5:19  Probe  
  64  5:24  Probe  
  64  5:25  Stalker  
  64  5:28  Immortal  
  57  5:54  Stalker x2  
  57  5:55  Stalker x2  
  65  6:03  Pylon  
  65  6:06  Assimilator  
  65  6:07  Immortal  
  65  6:08  Assimilator  
  65  6:10  Forge  
  69  6:18  Pylon, Stalker x3  
  73  6:19  Pylon  
  73  6:23  Pylon  
  75  6:44  Photon Cannon  
  75  6:46  Photon Cannon  
  75  6:49  Photon Cannon  
  75  6:52  Probe  
  76  6:55  Probe  
  76  6:56  Photon Cannon  
  76  6:58  Photon Cannon  
  76  7:01  Assimilator, Photon Cannon  
  77  7:03  Assimilator  
  77  7:04  Probe  
  77  7:06  Photon Cannon  
  78  7:12  Immortal  
  82  7:15  Stalker x3  
  82  7:16  Stalker, Probe  
  85  7:52  Protoss Ground Weapons Level 1, Immortal  
  79  8:03  Stalker x3  
  79  8:04  Stalker  
  83  8:34  Immortal  
  83  8:36  Stalker x4  
  95  8:48  Robotics Bay  
  95  8:52  Probe  
  95  8:53  Probe  
  97  8:57  Probe  
  98  9:04  Probe  
  98  9:06  Probe  
  98  9:07  Robotics Facility  
  98  9:09  Probe  
  101  9:11  Robotics Facility  
  101  9:16  Probe  
  102  9:21  Probe  
  103  9:27  Zealot x4  
  111  9:43  Nexus  
  111  9:46  Assimilator  
  111  9:49  Assimilator  
  111  9:53  Colossus  
  111  9:55  Protoss Ground Armor Level 1  
  111  9:59  Pylon  
  117  10:02  Pylon  
  117  10:05  Pylon  
  117  10:09  Pylon  
  117  10:11  Pylon  
  117  10:27  Stalker x4  
  123  10:29  Twilight Council  
  118  10:47  Colossus  
  110  11:21  Protoss Ground Weapons Level 2  
  110  11:28  Stalker x4  
  118  11:32  Colossus  
  118  11:33  Immortal  
  122  11:41  Immortal  
  108  12:00  Templar Archives  
  104  12:04  Probe  
  105  12:10  Extended Thermal Lance  
  105  12:13  Stalker x2, Immortal  
  105  12:14  Stalker x2  
  117  12:16  Probe  
  118  12:28  Probe  
  119  12:37  Charge  
  119  12:40  Stalker x2  
  119  12:41  Stalker x2  
  127  12:51  Immortal x2  
  135  12:52  Immortal  
  139  13:23  Pylon  
  139  13:24  Pylon  
  139  13:26  Pylon  
  139  13:28  Pylon  
  147  13:41  Immortal x2  
  147  13:42  Immortal  
  147  13:45  Stalker  
  147  13:46  Stalker x3  
  159  13:54  Gravitic Boosters  
  159  14:17  Resonating Glaives  
  159  14:20  Stalker x2, Immortal x2  
  171  14:31  Pylon  
  171  14:34  Pylon  
  171  14:35  Pylon  
  171  14:37  Pylon  
  171  14:39  Pylon  
  171  14:41  Pylon  
  171  14:43  Pylon  
  171  14:49  Immortal  
  171  14:51  Gravitic Drive  
Show
View Real Time Build Order
Export as new Build Order

Unknown Protoss 

Build Orders:  

Get SALT Encoding   

  1  0:00  Probe  
  12  0:06  Probe  
  14  0:18  Pylon  
  14  0:23  Probe  
  15  0:36  Probe  
  15  0:39  Gateway  
  16  0:48  Probe  
  17  0:53  Gateway  
  17  1:01  Probe  
  17  1:02  Assimilator  
  18  1:08  Assimilator  
  18  1:13  Probe  
  19  1:25  Probe  
  20  1:32  Cybernetics Core  
  20  1:37  Probe  
  21  1:49  Probe  
  21  1:50  Warp Gate  
  22  2:11  Nexus  
  22  2:20  Stalker  
  23  2:32  Pylon  
  23  2:50  Stalker x2  
  27  3:04  Robotics Facility  
  27  3:06  Gateway  
  27  3:07  Gateway  
  27  3:08  Probe  
  28  3:29  Probe  
  28  3:32  Probe  
  30  3:37  Probe  
  30  3:41  Stalker x2  
  34  3:44  Probe  
  36  3:50  Pylon, Probe  
  37  3:56  Probe  
  38  4:04  Immortal  
  38  4:07  Probe  
  38  4:09  Probe  
  44  4:19  Probe  
  43  4:33  Probe x2  
  43  4:34  Stalker  
  43  4:35  Stalker x2  
  51  4:45  Probe x2  
  53  4:47  Pylon  
  53  4:54  Twilight Council  
  53  4:57  Probe  
  54  5:05  Probe  
  55  5:09  Pylon  
  55  5:15  Immortal  
  55  5:18  Stalker  
  61  5:29  Pylon x2  
  49  5:47  Stalker x3  
  49  5:56  Warp Prism  
  49  5:58  Probe  
  49  5:59  Probe  
  49  6:02  Assimilator  
  51  6:07  Assimilator  
  51  6:08  Probe x2  
  51  6:09  Gateway  
  51  6:11  Gateway  
  51  6:14  Gateway  
  51  6:16  Probe x2  
  53  6:20  Stalker x2  
  59  6:39  Immortal  
  63  6:41  Probe x2  
  65  6:53  Probe x2  
  67  6:56  Pylon, Blink  
  67  6:57  Pylon  
  67  7:06  Robotics Facility  
  67  7:11  Stalker x2  
  67  7:14  Zealot  
  67  7:15  Zealot x3  
  79  7:21  Stalker  
  81  7:33  Nexus  
  75  8:04  Stalker  
  77  8:12  Pylon  
  77  8:13  Pylon  
  77  8:16  Pylon  
  77  8:18  Pylon  
  73  8:21  Pylon  
  73  8:35  Probe  
  73  8:36  Probe  
  73  8:37  Immortal  
  79  8:46  Probe  
  79  8:47  Forge  
  79  8:48  Stalker x4, Probe  
  85  8:49  Forge  
  85  8:52  Forge  
  85  8:55  Protoss Ground Weapons Level 1  
  89  8:57  Protoss Ground Armor Level 1  
  89  8:59  Protoss Shields Level 1, Immortal  
  89  9:01  Stalker  
  89  9:02  Stalker x2  
  99  9:03  Probe  
  99  9:06  Probe x2  
  102  9:16  Immortal  
  106  9:35  Probe x3  
  109  9:44  Stargate  
  109  9:47  Probe x3  
  112  9:54  Pylon, Stalker x2  
  112  9:55  Pylon  
  116  10:08  Probe x2  
  116  10:11  Immortal x2  
  88  10:53  Stalker x3  
  88  10:54  Stalker x4  
  92  10:57  Immortal  
  92  11:18  Stalker x3  
  92  11:19  Stalker x2  
Show
View Real Time Build Order
Export as new Build Order

GarganticPNS Zerg 

Build Orders: Pool First, Roach Nydus 

Get SALT Encoding   

  12  0:01  Drone  
  13  0:08  Drone  
  14  0:18  Overlord  
  14  0:45  Drone x2, Spawning Pool  
  14  0:46  Drone  
  16  0:57  Drone  
  17  1:20  Hatchery  
  17  1:24  Extractor  
  15  1:29  Drone  
  16  1:36  Queen  
  18  1:41  Extractor, Drone x3  
  20  1:52  Drone  
  21  2:08  Drone  
  22  2:34  Lair  
  22  2:40  Drone  
  22  2:41  Drone  
  22  2:43  Drone  
  25  2:50  Queen  
  27  2:54  Drone  
  27  2:57  Overlord x3  
  28  3:03  Overlord  
  28  3:16  Drone x2  
  30  3:20  Drone x2  
  30  3:22  Drone  
  30  3:25  Queen  
  35  3:32  Roach Warren  
  34  3:39  Nydus Network  
  33  3:49  Nydus Network  
  32  3:57  Drone x3  
  32  3:59  Drone  
  32  4:00  Drone x2  
  38  4:05  Queen  
  40  4:12  Queen  
  42  4:24  Overseer  
  42  4:28  Roach x3  
  42  4:29  Roach  
  42  4:30  Roach  
  52  4:33  Roach  
  52  4:36  Roach  
  56  4:41  Roach x2  
  60  4:55  Overlord  
  60  4:58  Overlord  
  60  5:13  Queen x2  
  64  5:20  Roach  
  64  5:21  Roach x2  
  70  5:23  Roach x2  
  70  5:24  Roach  
  76  6:17  Nydus Canal  
  76  6:18  Nydus Canal  
  76  6:47  Extractor  
  76  6:49  Overseer  
  75  7:18  Extractor  
  72  7:37  Overlord x2  
  72  7:38  Overlord x4  
  72  7:43  Nydus Canal  
  72  7:44  Nydus Canal  
  72  7:55  Queen  
  74  8:31  Pneumatized Carapace  
  74  8:45  Roach x9  
  74  8:46  Roach x3  
  98  8:54  Hydralisk Den  
  97  9:01  Queen  
  99  9:13  Overseer  
  99  9:14  Queen  
  101  9:37  Queen  
  103  9:49  Queen  
  104  10:00  Nydus Network  
  104  10:02  Nydus Network  
  102  10:13  Queen  
  104  10:18  Overseer  
  104  10:23  Overlord  
  104  10:24  Overlord x3  
  104  10:25  Overlord x5  
  104  10:26  Overlord  
  104  10:41  Queen  
  106  10:45  Nydus Canal  
  106  10:47  Nydus Canal  
  106  11:11  Overseer  
  106  11:13  Overlord  
  106  11:14  Overlord x2  
  106  11:24  Nydus Canal x2  
  106  11:38  Nydus Canal  
  106  11:39  Nydus Canal  
  96  11:52  Nydus Canal  
  96  11:54  Nydus Canal  
  94  12:07  Nydus Canal  
  94  12:31  Nydus Canal  
  94  12:54  Burrow  
  94  12:58  Nydus Canal  
  94  12:59  Nydus Canal  
  94  13:39  Overseer  
  94  14:02  Grooved Spines  
  94  14:10  Hydralisk  
  94  14:11  Hydralisk x5  
  106  14:17  Hydralisk  
  106  14:19  Hydralisk  
  106  14:20  Hydralisk x14  
  138  14:29  Evolution Chamber  
  137  14:40  Evolution Chamber  
  134  15:14  Nydus Canal  
  134  15:16  Nydus Canal  
  134  15:47  Nydus Canal  
  134  15:48  Nydus Canal  
  108  16:02  Nydus Canal  
Tags
 
Add a new tag
Caveats
  • Supply blocks, unpowered buildings, or Contaminate may cause inaccurate times.
  • Supply counts are checked every 10 seconds.